 Dungeon Crawl Stone Soup version 0.28-a0-948-gee6e0bcda6 (webtiles) character file.

Game seed: 3274774615703852788

0 Gargoyl the Skirmisher (level 1, -4/23 HPs)
             Began as a Gnoll Abyssal Knight on Nov 30, 2021.
             Was a Follower of Lugonu.
             Killed from afar by a wretched star (18 damage)
             ... with a lance of force
             ... on level 1 of the Abyss.
             The game lasted 00:00:35 (227 turns).

Gargoyl the Skirmisher (Gnoll Abyssal Knight)        Turns: 227, Time: 00:00:36

Health: -4/23      AC:  3    Str: 12    XL:     1   Next: 0%
Magic:  3/3        EV: 12    Int:  9    God:    Lugonu [*.....]
Gold:   12         SH:  0    Dex: 12    Spells: 0/0 levels left

rFire   . . .      SeeInvis .   a - +1 hand axe
rCold   . . .      Faith    .   (no shield)
rNeg    . . .      Spirit   .   b - +0 leather armour
rPois   .          Reflect  .   (no helmet)
rElec   .          Harm     .   (no cloak)
rCorr   .          Rampage  .   (no gloves)
Will    .....                   (no boots)
Stlth   +.........              (no amulet)
HPRegen 0.07/turn               (no ring)
MPRegen 0.08/turn               (no ring)

@: no status effects
A: fangs 1, strong nose, distributed training
a: Renounce Religion, Depart the Abyss


You were on level 1 of the Abyss.
You worshipped Lugonu.
Lugonu was aware of your devotion.
You visited 0 branches of the dungeon, and saw 0 of its levels.
You visited the Abyss 1 time.

You collected 12 gold pieces.

Inventory:

Hand Weapons
 a - a +1 hand axe (weapon)
Armour
 b - a +0 leather armour (worn)


   Skills:
 + Level 6.4 Fighting
 + Level 0.0 Short Blades
 + Level 0.0 Long Blades
 + Level 4.4 Axes
 + Level 0.0 Maces & Flails
 + Level 0.0 Polearms
 + Level 0.0 Staves
 + Level 0.0 Slings
 + Level 0.0 Bows
 + Level 0.0 Crossbows
 + Level 0.0 Throwing
 + Level 4.4 Armour
 + Level 2.3 Dodging
 + Level 0.0 Stealth
 + Level 0.0 Shields
 + Level 0.0 Unarmed Combat
 + Level 0.0 Spellcasting
 + Level 0.0 Conjurations
 + Level 0.0 Hexes
 + Level 0.0 Summonings
 + Level 0.0 Necromancy
 + Level 0.0 Translocations
 + Level 0.0 Transmutations
 + Level 0.0 Fire Magic
 + Level 0.0 Ice Magic
 + Level 0.0 Air Magic
 + Level 0.0 Earth Magic
 + Level 0.0 Poison Magic
 + Level 4.4 Invocations
 + Level 0.0 Evocations


You couldn't memorise any spells.
You didn't know any spells.
Your spell library was empty.

Dungeon Overview and Level Annotations

Branches:
Dungeon (0/15)

Altars:


Innate Abilities, Weirdness & Mutations

You have very sharp teeth.
Your uncanny sense of smell can sniff out nearby items.
Your experience applies equally to all skills.


Message History

A sky beast comes into view.
You now have 2 gold pieces.
Found 27 stones.
You see here 27 stones.
The sky beast flickers out of sight!
Deactivating autopickup; reactivate with Ctrl-A.
A large abomination comes into view.
The large abomination hits you.
A sky beast appears from thin air!
Reactivating autopickup.
The raiju barks!
A tentacled starspawn comes into view.
Tentacles burst from the starspawn's body! 2 starspawn tentacles come into view.
A large abomination comes into view.
Found 10 gold pieces.
Tentacles burst from the starspawn's body! 2 starspawn tentacles come into view.
You now have 12 gold pieces (gained 10).
The large abomination hits you!
Tentacles burst from the starspawn's body!
The large abomination barely misses you. 2 starspawn tentacles come into view.
A tentacle flies out from the starspawn's body!
A starspawn tentacle comes into view.
The starspawn tentacle closely misses you.
A starspawn tentacle comes into view.
An ufetubus comes into view.
The ufetubus shouts!
The ufetubus hits you but does no damage. x2
The ufetubus misses you. x2
The ufetubus hits you.
The ufetubus hits you but does no damage.
The ufetubus closely misses you.
The ufetubus hits you but does no damage.
The ufetubus hits you. The ufetubus barely misses you.
The wretched star glows turbulently.
The lance of force hits you!!
Ouch! That really hurt!
You die...

#.# .. #.# #.. #..
#.. #.# # #.###.#
.# .§...###.#
###*...# ##.@§..#
#.#5..## ###X..##
##..#......#
#.#.##§#...# ###
#....#.X.....
...###.#...##....#
#.....h##.......#
##.#.#.###.#.#..##


You could see a wretched star, 2 large abominations and an ufetubus.

Vanquished Creatures (others)
  8 starspawn tentacles (Abyss:1)
8 creatures vanquished.

Notes
Turn   | Place    | Note
-------+----------+-------------------------------------------
     0 | Abyss:1  | Gargoyl the Gnoll Abyssal Knight began the quest for the
                  | Orb.
     0 | Abyss:1  | Reached XP level 1. HP: 23/23 MP: 3/3
    49 | Abyss:1  | Found a corrupted altar of Lugonu.
   126 | Abyss:1  | Noticed a large abomination
   138 | Abyss:1  | Noticed a sky beast
   166 | Abyss:1  | Noticed a large abomination
   184 | Abyss:1  | Noticed a raiju
   185 | Abyss:1  | Noticed a tentacled starspawn
   189 | Abyss:1  | Noticed a large abomination
   226 | Abyss:1  | Noticed a large abomination
   226 | Abyss:1  | Noticed a wretched star
   227 | Abyss:1  | Killed from afar by a wretched star

Illustrated notes

Levels and vault maps discovered:
Abyss:1:  base: Temple, evilmike_abyss_exit_11, base: Temple,
          evilmike_abyss_exit_11

Action                   || total
-------------------------++-------
Armor: Leather armour    ||     4
Dodge: Dodged            ||     6

Table legend: (Time is in decaauts)
 A = Elapsed time spent in this place.
 B = Non-inter-level travel time spent in this place.
 C = Inter-level travel time spent in this place.
 D = Time resting spent in this place.
 E = Time spent auto-exploring this place.
 F = Levels seen in this place.
 G = Mean time per level.
                   A        B        C        D        E       F      G
               +--------+--------+--------+--------+--------+-----+--------+
         Total |    227 |    227 |      0 |      0 |    125 |   1 |  227.0 |
         Abyss |    227 |    227 |      0 |      0 |    125 |   1 |  227.0 |
               +--------+--------+--------+--------+--------+-----+--------+

Top non-repeatable levels by time:
 Abyss:1: 227 daAuts
